 Dungeon Crawl Stone Soup version 0.29.1-13-g9f3cf754e1 (webtiles) character file.

Game seed: 7052614690514999761

5345 bjubeck the Cleaver (level 10, -19/145 HPs)
             Began as a Minotaur Berserker on Feb 7, 2023.
             Was a High Priest of Trog.
             Demolished by a two-headed ogre
             ... wielding a +0 giant spiked club
              (36 damage)
             ... on level 9 of the Dungeon.
             The game lasted 00:36:44 (9413 turns).

bjubeck the Cleaver (Minotaur Berserker)            Turns: 9413, Time: 00:36:44

Health: -19/145    AC: 10    Str: 26    XL:     10   Next: 38%
Magic:  9/9        EV: 11    Int: 10    God:    Trog [*****.]
Gold:   514        SH:  7    Dex: 14    Spells: 9/9 levels left

rFire   + + .      SeeInvis .   l - +3 spear "Hautoz" {vorpal, rElec rN+}
rCold   . . .      Faith    .   s - +2 buckler
rNeg    + . .      Spirit   .   J - +1 leather armour "Lihuom" {Rampage rCorr Dex+4}
rPois   .          Reflect  .   (helmet restricted)
rElec   +          Harm     .   A - +4 cloak of Poor Excuses {rF+}
rCorr   +          Rampage  +   (no gloves)
Will    ++...                   (no boots)
Stlth   ..........              u - amulet of the acrobat
HPRegen 1.34/turn               x - +6 ring of intelligence
MPRegen 0.11/turn               y - ring of protection from fire

@: berserking, strong-willed, regenerating, very quick
A: horns 2, retaliatory headbutt
a: Renounce Religion, Berserk, Trog's Hand, Brothers in Arms


You were on level 9 of the Dungeon.
You worshipped Trog.
Trog was extremely pleased with you.
You visited 1 branch of the dungeon, and saw 9 of its levels.

You collected 514 gold pieces.

Inventory:

Hand Weapons
 i - a +3 whip
 l - the +3 spear "Hautoz" (weapon) {vorpal, rElec rN+}
   (You found it on level 2 of the Dungeon)

   It inflicts extra damage upon your enemies.
   rElec:     It insulates you from electricity.
   rN:        It protects you from negative energy.
 T - a +0 war axe
Missiles
 a - 6 javelins
 F - 20 poisoned darts (quivered)
 H - 12 boomerangs
 I - 2 atropa-tipped darts
 O - a curare-tipped dart
Armour
 s - a +2 buckler (worn)
 A - the +4 cloak of Poor Excuses (worn) {rF+}
   (You found it on level 5 of the Dungeon)

   rF:        It protects you from fire.
 J - the +1 leather armour "Lihuom" (worn) {Rampage rCorr Dex+4}
   (You found it on level 6 of the Dungeon)

   Dex:       It affects your dexterity (+4).
   rCorr:     It protects you from acid and corrosion.
   Rampage:   It bestows one free step when moving towards enemies.
 L - a +2 leather armour of willpower
 P - the +1 robe "Inustreotz" {Rampage rElec rN+++ Int-3}
   (You found it on level 8 of the Dungeon)

   Int:       It affects your intelligence (-3).
   rElec:     It insulates you from electricity.
   rN:        It renders you almost immune to negative energy.
   Rampage:   It bestows one free step when moving towards enemies.
Jewellery
 u - an amulet of the acrobat (around neck)
 x - a +6 ring of intelligence (left hand)
 y - a ring of protection from fire (right hand)
 S - a ring of protection from cold
 U - a ring of ice
Wands
 D - a wand of flame (5)
 N - a wand of polymorph (22)
 Q - a wand of mindburst (13)
 R - a wand of charming (8)
Scrolls
 b - 3 scrolls of enchant armour {unknown}
 d - 4 scrolls of amnesia {unknown}
 e - 3 scrolls of teleportation {unknown}
 f - 14 scrolls of identify {unknown}
 h - a scroll of immolation {unknown}
 j - 4 scrolls of butterflies {unknown}
 k - 3 scrolls of noise {unknown}
 n - 3 scrolls of blinking {unknown}
 o - a scroll of silence {unknown}
 p - a scroll of vulnerability {unknown}
 q - 3 scrolls of fear {unknown}
 r - a scroll of enchant weapon {unknown}
 t - 4 scrolls of poison {unknown}
Potions
 c - 2 potions of flight {unknown}
 g - 7 potions of heal wounds {unknown}
 m - 2 potions of might {unknown}
 v - 8 potions of curing {unknown}
 w - 3 potions of degeneration {unknown}
 z - 2 potions of haste {unknown}
 B - a potion of lignification {unknown}
 C - a potion of resistance
 E - a potion of ambrosia
 G - 2 potions of mutation {unknown}
 K - a potion of cancellation {unknown}
 M - a potion of brilliance {unknown}


   Skills:
 + Level 12.0 Fighting
 + Level 12.1 Axes
 + Level 6.6 Armour
 - Level 2.1 Dodging
 + Level 6.1 Shields


You had 9 spell levels left.
You didn't know any spells.
Your spell library was empty.

Dungeon Overview and Level Annotations

Branches:
Dungeon (9/15)             Temple (0/1) D:7
   Lair: D:8-11         Orc: D:9-12

Altars:
Dithmenos
Elyvilon
Gozag
Uskayaw
Yredelemnul
Zin

Shops:
D:3 =   D:4 =   D:7 [   D:8 ((=


Innate Abilities, Weirdness & Mutations

You have a pair of horns on your head.
You reflexively headbutt those who attack you in melee.


Message History

You reach to attack!
You puncture the orc warrior!
The orc warrior is almost dead.
You barely miss the orc warrior.
The orc warrior is almost dead.
The orc warrior hits you but does no damage.
You hit the orc warrior.
You kill the orc warrior!
Trog accepts your kill.
You hit the two-headed ogre.
The two-headed ogre is lightly wounded.
The two-headed ogre closely misses you.
The two-headed ogre hits you with a +0 giant club!
You puncture the two-headed ogre! You headbutt the two-headed ogre.
The two-headed ogre is moderately wounded.
You hit the two-headed ogre but do no damage.
The two-headed ogre is moderately wounded.
The two-headed ogre hits you with a +0 giant spiked club!!
The two-headed ogre hits you with a +0 giant club.
You fail to use your ability.
The boulder beetle leaps!
Your skin crawls.
You feel strong-willed. You block the boulder beetle's attack.
The two-headed ogre hits you with a +0 giant spiked club!
The two-headed ogre closely misses you.
A red film seems to cover your vision as you go berserk!
You feel yourself moving faster!
You feel mighty! The boulder beetle barely misses you.
You block the two-headed ogre's attack. x2
You puncture the boulder beetle! You headbutt the boulder beetle.
The boulder beetle is moderately wounded.
The boulder beetle bites you!!
* * * LOW HITPOINT WARNING * * *
You hit the boulder beetle but do no damage.
You headbutt the boulder beetle, but do no damage.
The boulder beetle is moderately wounded.
You hit the boulder beetle. You headbutt the boulder beetle.
The boulder beetle is heavily wounded.
The boulder beetle bites you!!
* * * LOW HITPOINT WARNING * * *
The two-headed ogre hits you with a +0 giant spiked club!!!
You die...

#)....#...#
)).####...###### ##.#
##.#.....#
#.#####.#######
#.......### #.........###
....######...## #
.###########..##### #
.####z..D####...@B# #
###........###.##O# #
##...#.z#..z##..#.#
##..##..##..###.#.## ##.
#..##)..g##.$##....#.....
##....##.D##(.........
...##. ##....#.##.#
..##..##B#.##.# ..###.###
.


You could see a boulder beetle, a two-headed ogre and a wight.

Vanquished Creatures
  A two-headed ogre (D:8)
  A gargoyle (D:8)
  A wyvern (D:8)
  Eustachio (D:6)
  3 yaks (D:9)
  A steam dragon (D:9)
  Menkaure (D:5)
  2 water moccasins
  An orc warrior (D:9)
  The ghost of cdecastro the Firebug, an amateur DEFE (D:4)
  Duvessa (D:6)
  3 ice beasts
  2 sky beasts
  A centaur (D:9)
  3 phantoms
  2 kobold brigands
  A gnoll sergeant (D:5)
  4 bullfrogs
  A necrophage (D:8)
  6 scorpions
  3 wights
  Dowan (D:6)
  3 killer bees
  A howler monkey (D:5)
  2 bullfrog zombies (D:4)
  5 hounds
  A jelly (D:4)
  2 orc priests (D:8)
  3 iguanas
  6 orc wizards
  A killer bee zombie (D:4)
  21 gnolls
  4 adders
  A shadow imp (D:8)
  3 white imps
  An ufetubus (D:5)
  A worm (D:3)
  6 dart slugs
  35 orcs
  4 endoplasms
  A giant cockroach (D:3)
  11 goblins
  16 hobgoblins
  13 jackals (D:5)
  23 kobolds
  4 quokkas
  9 ball pythons
  3 bats
  6 frilled lizards
  7 rats
234 creatures vanquished.

Vanquished Creatures (others)
  4 plants
4 creatures vanquished.

Grand Total: 238 creatures vanquished

Notes
Turn   | Place    | Note
-------+----------+-------------------------------------------
     0 | D:1      | bjubeck the Minotaur Berserker began the quest for the Orb.
     0 | D:1      | Reached XP level 1. HP: 19/19 MP: 0/0
   211 | D:1      | Reached XP level 2. HP: 14/27 MP: 1/1
   365 | D:1      | Found a faded altar of an unknown god.
   908 | D:2      | Identified the +3 spear "Hautoz" {vorpal, rElec rN+}
   962 | D:2      | Reached XP level 3. HP: 34/34 MP: 2/2
  1184 | D:2      | Reached ** piety under Trog
  1910 | D:3      | Found Qebuky's Jewellery Emporium.
  1931 | D:3      | Reached XP level 4. HP: 41/41 MP: 3/3
  2042 | D:3      | Reached skill level 5 in Axes
  2238 | D:3      | Reached skill level 5 in Fighting
  2243 | D:3      | Reached XP level 5. HP: 48/48 MP: 4/4
  2685 | D:4      | You fall into a shaft and drop 3 floors!
  2692 | D:6      | Noticed Duvessa
  2692 | D:6      | Noticed Dowan
  2743 | D:6      | Reached XP level 6. HP: 33/58 MP: 5/5
  2743 | D:6      | Killed Duvessa
  2746 | D:6      | Killed Dowan
  2750 | D:6      | Reached XP level 7. HP: 39/66 MP: 6/6
  3037 | D:5      | Entered Level 5 of the Dungeon
  3096 | D:5      | Noticed Menkaure
  3103 | D:5      | Identified the +4 cloak of Poor Excuses {rF+}
  3111 | D:5      | Killed Menkaure
  3572 | D:5      | Reached XP level 8. HP: 59/75 MP: 7/7
  3719 | D:4      | Found a runed translucent gate.
  3719 | D:4      | Found a runed translucent gate.
  3821 | D:4      | Found Koosepso's Jewellery Shop.
  4034 | D:4      | Found a runed translucent gate.
  4037 | D:4      | Noticed cdecastro's ghost (amateur DEFE)
  4047 | D:4      | Killed cdecastro's ghost
  4389 | D:5      | Reached *** piety under Trog
  4714 | D:5      | Reached skill level 10 in Axes
  4718 | D:5      | Reached skill level 10 in Fighting
  4986 | D:5      | Reached **** piety under Trog
  5085 | D:5      | Reached skill level 1 in Shields
  5164 | D:5      | Reached XP level 9. HP: 83/86 MP: 8/8
  5510 | D:6      | Found a white marble altar of Elyvilon.
  5513 | D:6      | Found a hide-covered altar of Uskayaw.
  5517 | D:6      | Found a basalt altar of Yredelemnul.
  5919 | D:6      | Identified the +1 leather armour "Lihuom" {Rampage rCorr
                  | Dex+4}
  6067 | D:6      | Noticed Eustachio
  6072 | D:6      | Killed Eustachio
  6678 | D:7      | Found an opulent altar of Gozag.
  6678 | D:7      | Found a glowing silver altar of Zin.
  7048 | D:7      | Found Qejanyasann's Antique Armour Emporium.
  7169 | D:7      | Found a staircase to the Ecumenical Temple.
  7285 | D:8      | Reached ***** piety under Trog
  7320 | D:8      | Identified the +1 robe "Inustreotz" {Rampage rElec rN+++
                  | Int-3}
  7471 | D:8      | Reached skill level 5 in Armour
  7484 | D:8      | Found Nutz's Weapon Boutique.
  7558 | D:8      | Noticed a gargoyle
  7761 | D:8      | Killed a gargoyle
  7919 | D:8      | Found Juasaw's Jewellery Emporium.
  7991 | D:8      | Noticed a two-headed ogre
  8010 | D:8      | Killed a two-headed ogre
  8011 | D:8      | Reached skill level 5 in Shields
  8011 | D:8      | Reached XP level 10. HP: 66/97 MP: 9/9
  8139 | D:8      | Found Qarghufa's Weapon Shop.
  8178 | D:8      | Found a shadowy altar of Dithmenos.
  9109 | D:9      | Noticed a two-headed ogre
  9110 | D:9      | Noticed a boulder beetle
  9378 | D:9      | Identified the +4 ring mail of Duty {Int+4}
  9413 | D:9      | Demolished by a two-headed ogre

Illustrated notes

Levels and vault maps discovered:
D:1:      dpeg_arrival_lava_temple_mockup, layout_rooms, basic_ecumenical_altar
D:2:      layout_loops_corners, grunt_ministairs_15, minmay_misc_feat_enclosed
D:3:      layout_loops_ring, serial_shops, nicolae_shop_hallway_stairs,
          dk_vineyard_1, skrybe_limestone_x, minivault_26, chequers_garden,
          palyth_stone_intersect
D:4:      layout_loops_cross, serial_shops, nicolae_shop_behind_doors,
          gammafunk_ghost_necromancy
D:5:      lemuel_castle_with_subvaults [lemuel_castle_interior_carwin_2],
          layout_basic, uniq_menkaure
D:6:      corexii_shantytown, layout_basic, grunt_temple_overflow_diamond,
          uniq_duvessa, uniq_eustachio
D:7:      layout_cave_pools, grunt_temple_overflow_gold_and_silver,
          minmay_temple_entry_purple_smoke, enter_ossuary_2, serial_shops, shop
D:8:      layout_basic, mainiacjoe_overflow_brackets, serial_shops,
          nicolae_shop_waterfront, nicolae_shop_stone, shop
D:9:      minmay_klotski, layout_loops_cross, minmay_mirror_moons_of_madness

Skill      XL: |  1  2  3  4  5  6  7  8  9 10 |
---------------+-------------------------------+-----
Fighting       | 4 5 6 7 8 10 11 12 | 12.0
Axes           | 4 5 6 7 8 10 11 12 | 12.1
Shields        | 1 5 6 |  6.1
Armour         | 6 |  6.6
Dodging        | |  2.1

Action                   |  1- 3 |  4- 6 |  7- 9 | 10-12 || total
-------------------------+-------+-------+-------+-------++-------
Melee: Hand axe          |    48 |       |       |       ||    48
       Headbutt          |    10 |     6 |    56 |    11 ||    83
       Spear             |    40 |    39 |   408 |    83 ||   570
Throw: Dart              |       |       |    32 |     2 ||    34
       Javelin           |       |       |     6 |       ||     6
Invok: Berserk           |       |     2 |     7 |     1 ||    10
       Trog's Hand       |       |       |       |     1 ||     1
 Stab: Sleeping          |     1 |       |     2 |       ||     3
Armor: Animal skin       |     9 |       |       |       ||     9
       Ring mail         |       |     4 |    43 |       ||    47
       Leather armour    |       |       |    20 |    15 ||    35
Dodge: Dodged            |    35 |    14 |   133 |    25 ||   207
Block: Buckler           |       |       |    26 |    16 ||    42
